 Dungeon Crawl Stone Soup version 0.32-a0-163-g159c032296 (webtiles) character file.

Game seed: 3884966856421950549

1279 dialectric the Trooper (level 8, -1/63 HPs)
             Began as a Demonspawn Fighter on Feb 12, 2024.
             Slain by a gnoll sergeant
             ... wielding a +2 trident of venom
              (11 damage)
             ... on level 5 of the Dungeon.
             The game lasted 00:10:01 (5327 turns).

dialectric the Trooper (Demonspawn Fighter)         Turns: 5327, Time: 00:10:01

Health: -1/63      AC:  9    Str: 19    XL:     8   Next: 29%
Magic:  8/8        EV: 17    Int:  9    God:
Gold:   248        SH:  0    Dex: 12    Spells: 7/7 levels left

rFire   + . .        a - +1 trident
rCold   . . .        (no shield)
rNeg    . . .        l - +1 troll leather armour
rPois   .            (helmet restricted)
rElec   .            (no cloak)
rCorr   .            m - +1 Delatra's gloves {ID++}
SInv    .            (no boots)
Will    .....        (no amulet)
Stlth   +            f - ring of protection from fire
HPRegen 1.10/turn    (no ring)
MPRegen 0.11/turn

%: no passive effects
@: agile, lethally poisoned (-1 -> -6), attractive
A: antennae 2, molten scales 2, powered by pain 1
a: no special abilities


You were on level 5 of the Dungeon.
You visited 1 branch of the dungeon, and saw 5 of its levels.
You also visited: Sewer.

You collected 248 gold pieces.

Inventory:

Hand Weapons
 a - a +1 trident (weapon)
Armour
 b - a +0 scale mail
 c - a +0 buckler
 i - a +0 pair of gloves
 l - a +1 troll leather armour (worn)
 m - the +1 Delatra's gloves (worn) {ID++}
   (You found it on level 3 of the Dungeon)

   ID++:      It heals its wearer when they drink unknown potions, and restores
   their MP when they read unknown scrolls.
 y - a +0 plate armour
Jewellery
 f - a ring of protection from fire (left hand)
Scrolls
 g - a scroll of teleportation
 h - 2 scrolls of fog
 j - 9 scrolls of identify
 k - 2 scrolls of enchant weapon
 p - a scroll of revelation
 q - a scroll of blinking {unknown}
 s - a scroll of noise {unknown}
Potions
 d - a potion of haste
 e - a potion of enlightenment
 n - 2 potions of attraction
 o - a potion of curing
 r - a potion of heal wounds {unknown}
 t - 3 potions of might
 u - a potion of lignification {unknown}
 v - a potion of mutation {unknown}
 w - a potion of magic {unknown}
 x - a potion of ambrosia {unknown}


   Skills:
 + Level 5.4 Fighting
 + Level 4.4 Polearms
 + Level 4.8 Armour
 * Level 3.7 Dodging
 + Level 4.9 Shields


You had 7 spell levels left.
You didn't know any spells.
Your spell library contained the following spells:

 Spells                   Type           Power      Damage    Failure   Level
 Magic Dart               Conj           0%         1d3       43%         1
 Necrotise                Necr           0%         1d4       43%         1
 Searing Ray              Conj           0%         2d4       56%         2
 Vampiric Draining        Necr           0%         2d6       80%         3
 Fulminant Prism          Conj/Alch      0%         3d5       99%         4
 Martyr's Knell           Necr/Summ      0%         N/A       99%         4
 Curse of Agony           Necr           0%         N/A       100%        5


Dungeon Overview and Level Annotations

Branches:
Dungeon (5/15)             Temple (0/1) D:5           Sewer (visited)

Altars:
Dithmenos
Fedhas
Gozag
Ru
Sif Muna
Yredelemnul

Annotations:
D:5 2 transporters


Innate Abilities, Weirdness & Mutations

You have a pair of antennae on your head.
You are mostly covered in molten scales. (AC +3)
You sometimes gain a little power by taking damage.


Message History

The gnoll sergeant hits you with a +2 trident of venom!
You are more poisoned.
You puncture the gnoll sergeant!
The gnoll sergeant is heavily wounded.
You feel extremely sick.
The gnoll sergeant hits you with a +2 trident of venom.
You are lethally poisoned!
The gnoll sergeant hits you with a +2 trident of venom.
* * * LOW HITPOINT WARNING * * *
You feel extremely sick. The gnoll sergeant closely misses you.
* * * LOW HITPOINT WARNING * * *
You feel extremely sick.
You feel better. The gnoll sergeant closely misses you.
It was a potion of attraction.
You feel attractive to monsters.
The energy of discovery flows from your fingertips!
You feel much better.
The gnoll sergeant hits you from afar with a +2 trident of venom!
You focus on the pain.
You feel agile all of a sudden.
You are poisoned.
The gnoll sergeant is attracted toward you.
The gnoll is attracted toward you. x2
You feel very sick.
The gnoll sergeant hits you but does no damage.
The gnoll sergeant is attracted toward you.
The gnoll is attracted toward you. x2; Something is attracted toward you.
Unknown command.
You hit the gnoll sergeant.
The gnoll sergeant is heavily wounded.
You feel very sick.
The gnoll sergeant hits you with a +2 trident of venom.
* * * LOW HITPOINT WARNING * * *
You are more poisoned.
You hit the gnoll sergeant.
The gnoll sergeant is severely wounded.
You feel very sick.
The gnoll sergeant hits you with a +2 trident of venom!
You die...

.#.#####.#.##....................
.#.#.......##.#.##)###.####.#####
##.#.......##.#.##.###.####.# ##.
...#........................# #..
####......######.##...##...## #)#
#)............####..##### ##)#
####......######.# ##...# #.)#
............. #.# ###.#####.##
############# #@# #.......## #g#
#.>....... #g# #########. #g# #.
#g### #. #fg{# #. #.#.# #. ###f#
#. {.. #.


You could see a sleepcap, a gnoll sergeant and 4 gnolls.

Vanquished Creatures
  A water moccasin (D:5)
  Duvessa (D:4)
  An ice beast (D:3)
  An ogre (D:5)
  2 bullfrogs (Sewer)
  2 scorpions
  Dowan (D:4)
  A bombardier beetle (D:5)
  A hound (D:3)
  2 jellies (D:5)
  An orc priest (D:3)
  2 sleepcaps (D:5)
  An iguana (D:5)
  An orc wizard (D:3)
  11 adders
  A gnoll (D:5)
  6 river rats
  A shadow imp (D:5)
  A white imp (D:5)
  5 dart slugs
  3 ribbon worms (D:2)
  22 orcs
  7 bats
  6 endoplasms
  5 giant cockroaches
  10 goblins
  12 hobgoblins
  3 jackals (D:2)
  3 kobolds
  2 quokkas (D:2)
  16 ball pythons
  7 frilled lizards
  27 rats
166 creatures vanquished.

Notes
Turn   | Place    | Note
-------+----------+-------------------------------------------
     0 | D:1      | dialectric the Demonspawn Fighter began the quest for the
                  | Orb.
     0 | D:1      | Reached XP level 1. HP: 18/18 MP: 1/1
   256 | D:1      | Gained mutation: You are partially covered in molten
                  | scales. (AC +2) [demonic ancestry]
   256 | D:1      | Reached XP level 2. HP: 19/24 MP: 2/2
   417 | D:1      | Gained mutation: You have a pair of small antennae on your
                  | head. [demonic ancestry]
   417 | D:1      | Reached XP level 3. HP: 29/29 MP: 3/3
   977 | D:2      | Found a shadowy altar of Dithmenos.
  1390 | D:3      | Noticed an ice beast
  1410 | D:3      | Killed an ice beast
  1411 | D:3      | Reached XP level 4. HP: 7/37 MP: 4/4
  1411 | D:3      | Gained mutation: You are mostly covered in molten scales.
                  | (AC +3) [demonic ancestry]
  1411 | D:3      | Reached XP level 5. HP: 8/42 MP: 5/5
  1549 | D:3      | Found the +1 Delatra's gloves {ID++}
  1954 | D:2      | Reached skill level 4 in Fighting
  2896 | D:3      | Reached XP level 6. HP: 48/48 MP: 6/6
  3313 | D:4      | Found an opulent altar of Gozag.
  3462 | D:4      | Found a blossoming altar of Fedhas.
  3555 | D:4      | Found a shimmering blue altar of Sif Muna.
  3555 | D:4      | Found a basalt altar of Yredelemnul.
  3573 | D:4      | Noticed Dowan
  3573 | D:4      | Noticed Duvessa
  3738 | D:4      | Found a sacrificial altar of Ru.
  3820 | D:4      | Killed Duvessa
  3821 | D:4      | Reached skill level 1 in Dodging
  3821 | D:4      | Gained mutation: You have a pair of antennae on your head.
                  | [demonic ancestry]
  3821 | D:4      | Reached XP level 7. HP: 55/55 MP: 7/7
  3828 | D:4      | Killed Dowan
  3883 | D:4      | Found a glowing drain.
  3899 | Sewer    | Entered a sewer
  4219 | Sewer    | Reached skill level 5 in Fighting
  4649 | D:5      | Entered Level 5 of the Dungeon
  4706 | D:5      | Gained mutation: You sometimes gain a little power by
                  | taking damage. [demonic ancestry]
  4706 | D:5      | Reached XP level 8. HP: 22/62 MP: 8/8
  4779 | D:5      | Found a staircase to the Ecumenical Temple.
  5063 | D:5      | Found a transporter.
  5128 | D:5      | Found a transporter.
  5327 | D:5      | Slain by a gnoll sergeant

Illustrated notes

Levels and vault maps discovered:
D:1:      roderic_crossed_star, layout_loops_corners
D:2:      layout_loops_corners, basic_altar
D:3:      cheibrodos_pilgrimage, layout_loops_ring, amcnicky_mini_pool_small,
          st_stairs_4, pf_guarded_unrand_delatra
D:4:      layout_gridville, mainiacjoe_overflow_alcove_1,
          nicolae_ru_awakened_eye, mainiacjoe_overflow_divided_tiny,
          mainiacjoe_overflow_boulevard, portal_sewer_entry_e,
          grunt_decor_mini_mirrors, minmay_misc_feat_four_crosses, uniq_duvessa
D:5:      gammafunk_steamed_eel, layout_basic, minmay_temple_entry_large_hall,
          grunt_ministairs_7, minmay_diced_spiral

Skill      XL: |  1  2  3  4  5  6  7 |
---------------+----------------------+-----
Polearms       | 2 3 4 |  4.4
Armour         | 3 4 |  4.8
Shields        | 3 4 |  4.9
Fighting       | 4 5 |  5.4
Dodging        | 1 3 |  3.7

Action                     |  1- 3 |  4- 6 |  7- 9 || total
---------------------------+-------+-------+-------++-------
  Melee: Trident           |   145 |   249 |   231 ||   625
         Punch             |     1 |     1 |     2 ||     4
    Use: Potion            |     1 |     4 |     5 ||    10
         Scroll            |     1 |     4 |     3 ||     8
   Stab: Invisible         |       |       |     3 ||     3
         Sleeping          |       |       |     2 ||     2
 Armour: Scale mail        |    80 |    42 |       ||   122
         Troll leather arm |       |   166 |   220 ||   386
  Dodge: Dodged            |    53 |   145 |   225 ||   423

Table legend: (Time is in decaauts)
 A = Elapsed time spent in this place.
 B = Non-inter-level travel time spent in this place.
 C = Inter-level travel time spent in this place.
 D = Time resting spent in this place.
 E = Time spent auto-exploring this place.
 F = Levels seen in this place.
 G = Mean time per level.
                   A        B        C        D        E       F      G
               +--------+--------+--------+--------+--------+-----+--------+
         Total |   5439 |   5095 |    344 |     87 |   3198 |   6 |  906.5 |
       Dungeon |   5031 |   4687 |    344 |     83 |   3092 |   5 | 1006.2 |
         Sewer |    407 |    407 |      0 |      4 |    105 |   1 |  407.0 |
               +--------+--------+--------+--------+--------+-----+--------+

Top non-repeatable levels by time:
     D:3: 1286 daAuts
     D:2: 1194 daAuts
     D:4: 979 daAuts
     D:1: 903 daAuts
     D:5: 666 daAuts
   Sewer: 407 daAuts
